Map: Ascension to Aiur LE

Players

Gumiho - Winner!

  • Race: Terran Terran
  • Spawn Location: 11:00

Rogue

  • Race: Zerg Zerg
  • Spawn Location: 5:00

VOD

Have the link to the VOD?

Description

Time

  • Played on: July 26, 2017, 10:30 p.m.
  • Length: 27:16
Show
View Real Time Build Order
Export as new Build Order

Gumiho Terran - Winner!

Build Orders: Liberator Opening, Reaper Expand 

Get SALT Encoding   

  12  0:00  SCV  
  13  0:12  SCV  
  14  0:17  Supply Depot  
  14  0:24  SCV  
  14  0:28  Refinery  
  15  0:39  SCV  
  16  0:44  Barracks  
  16  0:51  SCV  
  17  1:03  SCV  
  18  1:15  SCV  
  19  1:31  Orbital Command  
  19  1:32  Reaper  
  20  1:42  Command Center  
  20  1:53  Factory  
  20  1:57  SCV  
  21  2:01  Refinery  
  21  2:05  Barracks Reactor  
  21  2:09  SCV  
  21  2:13  Supply Depot  
  22  2:21  SCV  
  23  2:35  SCV  
  24  2:37  Hellion  
  24  2:39  Starport  
  24  2:41  Marine x2  
  28  2:51  SCV  
  28  2:55  Orbital Command  
  28  3:04  SCV  
  29  3:09  Marine, Hellion x2  
  34  3:16  Medivac  
  34  3:17  SCV  
  37  3:21  SCV  
  38  3:28  Barracks Tech Lab, Supply Depot  
  38  3:31  Hellion  
  38  3:32  Liberator  
  40  3:35  Hellion  
  40  3:37  SCV x2  
  44  3:47  Supply Depot  
  44  3:54  SCV x2  
  49  3:58  Hellion  
  49  4:00  Hellion  
  53  4:04  Supply Depot  
  53  4:06  SCV  
  53  4:08  SCV  
  55  4:18  SCV  
  55  4:20  SCV  
  61  4:31  SCV  
  58  4:32  SCV  
  61  4:42  Command Center  
  61  4:43  SCV  
  61  4:45  SCV  
  59  4:48  Banshee, Refinery, Cloaking Field  
  59  4:51  Refinery  
  62  4:55  SCV  
  62  4:57  Supply Depot, SCV  
  62  4:59  Supply Depot  
  64  5:07  SCV  
  64  5:09  SCV  
  64  5:11  Cyclone  
  69  5:16  Armory  
  69  5:19  Cyclone, SCV  
  69  5:21  SCV  
  74  5:24  Supply Depot x2  
  74  5:31  SCV  
  74  5:33  Banshee  
  74  5:35  SCV  
  79  5:43  Hellion, SCV  
  79  5:49  SCV  
  83  5:51  Hellion  
  83  5:55  SCV  
  86  6:01  SCV  
  86  6:02  Orbital Command  
  84  6:05  Hellion  
  84  6:09  SCV  
  84  6:10  Terran Vehicle Weapons Level 1  
  87  6:13  Barracks Tech Lab, Hellion, SCV  
  87  6:16  Factory  
  90  6:18  Factory  
  90  6:22  Hellion x5, SCV  
  90  6:24  Refinery  
  90  6:25  SCV  
  86  6:26  Refinery, Starport Reactor, Hellion  
  86  6:28  SCV  
  89  6:34  Hellion, SCV  
  89  6:38  SCV  
  93  6:40  SCV  
  94  6:47  Hellion  
  94  6:49  SCV  
  94  6:50  SCV  
  94  6:52  SCV  
  99  6:58  Engineering Bay  
  99  7:01  SCV  
  100  7:02  SCV  
  100  7:04  SCV  
  102  7:13  SCV  
  102  7:14  Command Center, SCV  
  102  7:15  Factory  
  102  7:16  Factory  
  102  7:18  Thor x2  
  102  7:20  Medivac  
  116  7:23  Supply Depot  
  116  7:24  Supply Depot x2  
  116  7:26  Medivac  
  116  7:27  SCV x3  
  118  7:39  SCV x3  
  118  7:42  Missile Turret  
  121  7:45  Supply Depot  
  121  7:46  Hellion x2  
  121  7:47  Supply Depot  
  121  7:50  Infernal Pre-Igniter  
  125  7:56  Viking x2  
  129  8:00  Factory Reactor  
  129  8:01  Siege Tank x2, Factory Tech Lab  
  135  8:13  Hellion  
  135  8:14  Hellion  
  135  8:17  Command Center  
  139  8:20  Supply Depot  
  139  8:22  Terran Vehicle Weapons Level 2, Supply Depot  
  139  8:26  Planetary Fortress  
  139  8:27  Armory  
  139  8:33  Viking, Siege Tank  
  144  8:43  Siege Tank, Hellion  
  144  8:44  Hellion  
  144  8:47  Hellion x2  
  152  8:49  Hellion  
  152  9:04  Viking  
  152  9:05  Refinery, Hellion x3  
  152  9:07  SCV x3  
  152  9:08  Refinery  
  152  9:09  Hellion  
  165  9:10  Siege Tank, Hellion x9  
  165  9:12  SCV  
  171  9:21  Terran Vehicle And Ship Armor Level 1, Command Center  
  171  9:29  Siege Tank x2  
  177  9:37  Hellion x4  
  183  9:41  SCV  
  183  9:43  Orbital Command  
  184  9:51  Sensor Tower  
  178  9:55  Sensor Tower  
  178  9:57  Siege Tank  
  178  9:58  Hellion x2  
  181  10:01  Siege Tank x2  
  186  10:20  Hellion x2  
  166  10:29  Siege Tank  
  166  10:31  Hellion x2  
  166  10:33  Siege Tank  
  166  10:34  Hellion  
  166  10:35  Medivac x2  
  179  10:37  Supply Depot  
  179  10:39  Supply Depot  
  179  10:43  Terran Vehicle Weapons Level 3  
  179  10:53  Hellion x2  
  179  10:55  Siege Tank  
  186  10:58  Hellion x2  
  186  11:01  Siege Tank  
  186  11:04  Factory  
  193  11:05  Factory  
  193  11:06  Factory  
  193  11:23  Siege Tank  
  192  11:27  Siege Tank, Hellion x2  
  197  11:36  Siege Tank, Hellion  
  197  11:37  Hellion  
  189  11:49  Hellion x2  
  189  11:52  Hellion x2  
  189  11:53  Terran Vehicle And Ship Armor Level 2  
  195  11:55  Siege Tank, Hellion  
  195  11:59  Hellion  
  195  12:00  Hellion  
  198  12:06  Hellion  
  198  12:08  Siege Tank  
  175  12:10  Hellion x2  
  175  12:13  Hellion  
  147  12:16  SCV x2  
  147  12:18  Hellion x2  
  147  12:21  Siege Tank  
  151  12:24  Hellion  
  151  12:27  Siege Tank  
  151  12:28  Hellion  
  154  12:30  Liberator x2  
  154  12:31  Hellion  
  150  12:40  Siege Tank, Hellion  
  148  12:45  Factory Tech Lab x2  
  148  12:47  Factory Reactor  
  148  12:48  Planetary Fortress  
  154  12:52  Hellion x2  
  154  12:53  Siege Tank  
  161  12:59  Siege Tank  
  161  13:02  Hellion x2  
  168  13:12  Siege Tank  
  171  13:15  Refinery  
  171  13:17  Siege Tank  
  171  13:18  Hellion x2  
  160  13:25  Refinery, Siege Tank  
  154  13:28  Hellion x2  
  154  13:29  Hellion x2  
  154  13:31  Siege Tank  
  161  13:39  Hellion  
  163  13:43  Hellion  
  163  13:45  Viking x2  
  166  13:52  Command Center  
  152  14:05  Hellion  
  152  14:07  Hellion  
  152  14:08  Thor x2  
  160  14:16  Thor  
  166  14:25  Supply Depot  
  166  14:26  Supply Depot x2  
  166  14:32  Thor  
  172  14:46  Thor  
  172  14:51  Hellion x4  
  172  14:52  Hellion  
  188  14:53  Orbital Command  
  188  14:57  Thor x2  
  194  15:04  Thor  
  195  15:18  Planetary Fortress  
  195  15:20  Hellion x2  
  199  15:30  Sensor Tower  
  196  15:43  Hellion x2  
  195  15:53  Thor  
  195  15:54  Thor  
  195  15:55  Siege Tank  
  195  15:56  Hellion x2  
  195  15:57  Hellion x2  
  192  15:59  Viking  
  192  16:01  Hellion x2  
  190  16:06  Hellion  
  190  16:07  Hellion  
  194  16:19  Hellion  
  196  16:30  Thor x2  
  198  16:34  Hellion  
  198  16:35  Hellion  
  198  16:43  Hellion x2  
  200  16:53  Viking  
  200  16:59  Viking  
  195  17:23  Hellion x2  
  196  17:50  Command Center  
  196  17:52  SCV x2, Terran Vehicle And Ship Armor Level 3  
  196  17:53  Viking  
  196  18:11  Siege Tank  
  196  18:12  Siege Tank  
  198  18:22  Terran Ship Weapons Level 1  
  190  19:07  Siege Tank  
  190  19:08  Siege Tank  
  191  19:12  Siege Tank  
  194  19:20  Viking x2  
  194  19:23  Siege Tank x2, Hellion x3  
  176  19:25  Hellion x3  
  176  19:30  Hellion x4  
  174  19:39  Siege Tank  
  174  19:40  Hellion  
  174  19:44  Hellion x3  
  174  19:45  Hellion  
  187  19:50  Viking x2  
  191  19:55  Siege Tank x2  
  195  20:09  Planetary Fortress  
  192  20:14  Command Center  
  186  20:24  Siege Tank x2  
  192  20:35  Hellion x4  
  200  20:40  Terran Ship Weapons Level 2  
  194  21:04  Hellion x2  
  194  21:05  Hellion  
  200  21:31  Thor  
  195  21:44  Thor  
  195  21:46  Thor  
  193  21:48  Command Center  
  193  21:49  Thor x2  
  193  21:53  Hellion x3  
  179  21:55  Hellion x3  
  179  22:14  Hellion x2  
  179  22:15  Hellion x2  
  183  22:16  Hellion x2  
  183  22:17  Hellion  
  185  22:27  Hellion  
  189  22:30  Hellion  
  189  22:32  Refinery  
  189  22:33  Hellion x2  
  189  22:35  Refinery, Hellion  
  189  22:36  Hellion x2  
  199  22:51  Hellion  
  199  23:11  Thor  
  199  23:19  Planetary Fortress  
  180  23:27  Viking x2  
  180  23:28  Thor  
  176  23:43  Hellion  
  176  23:46  Hellion x4  
  176  23:47  Hellion  
  180  23:51  Hellion  
  180  23:52  Hellion  
  180  23:53  Hellion  
  180  23:54  Hellion  
  173  23:57  Viking x2  
  173  23:58  Missile Turret  
  173  24:00  Missile Turret  
  173  24:02  Missile Turret  
  177  24:04  Hellion  
  177  24:07  Hellion x3  
  177  24:08  Hellion x2  
  189  24:12  Hellion  
  189  24:13  Hellion x2  
  189  24:15  Hellion x2  
  191  24:26  Hellion  
  197  24:43  Thor x2  
  195  24:46  Thor  
  170  25:11  Hellion x7  
  164  25:25  Thor  
  164  25:26  Thor  
  174  25:28  Medivac  
  174  25:29  Medivac  
  150  25:43  Thor  
  154  25:55  Thor  
Show
View Real Time Build Order
Export as new Build Order

Rogue Zerg 

Build Orders: Pool First, Swarm Host 

Get SALT Encoding   

  12  0:00  Drone  
  13  0:12  Overlord  
  13  0:17  Drone  
  14  0:30  Drone x2  
  14  0:33  Drone  
  17  0:44  Drone, Extractor  
  17  0:49  Spawning Pool  
  16  0:55  Drone  
  17  1:06  Drone  
  18  1:19  Hatchery  
  18  1:22  Drone  
  18  1:35  Queen  
  18  1:37  Zergling x2  
  21  1:44  Metabolic Boost  
  21  1:50  Overlord  
  21  1:53  Drone  
  22  2:09  Drone  
  22  2:10  Drone  
  22  2:11  Queen  
  26  2:21  Drone  
  27  2:31  Queen, Zergling x2  
  27  2:33  Drone  
  31  2:42  Overlord  
  31  2:43  Drone x2  
  31  2:44  Drone  
  34  2:53  Pneumatized Carapace  
  34  2:54  Drone x2  
  36  3:04  Drone  
  37  3:12  Hatchery  
  36  3:15  Drone  
  37  3:22  Drone x2, Overlord  
  37  3:25  Drone  
  40  3:29  Drone x2  
  40  3:32  Drone  
  43  3:35  Drone  
  43  3:40  Queen  
  46  3:43  Drone  
  46  3:44  Drone x2  
  49  3:51  Queen  
  49  3:55  Zergling x2  
  52  3:56  Overlord  
  52  4:00  Spore Crawler  
  52  4:02  Zergling x2  
  52  4:07  Overlord  
  52  4:14  Zergling x2  
  52  4:15  Zergling x6  
  52  4:16  Spore Crawler  
  54  4:17  Queen  
  54  4:23  Zergling x8  
  61  4:24  Zergling x2  
  61  4:29  Lair  
  61  4:32  Overlord  
  61  4:33  Drone  
  61  4:37  Drone x2  
  61  4:38  Drone  
  65  4:42  Drone  
  66  4:50  Queen  
  68  4:53  Drone  
  68  4:54  Drone x5  
  74  5:03  Overlord  
  74  5:05  Overlord  
  73  5:09  Baneling Nest, Overlord, Queen  
  73  5:11  Drone, Extractor  
  74  5:15  Overlord  
  74  5:24  Drone x4  
  74  5:25  Spine Crawler  
  74  5:26  Drone  
  74  5:28  Drone x2  
  80  5:32  Spore Crawler  
  79  5:35  Overseer  
  79  5:36  Drone  
  79  5:37  Drone x3  
  83  5:44  Extractor  
  83  5:45  Hydralisk Den  
  80  5:50  Drone  
  80  5:51  Drone x5  
  80  5:54  Extractor  
  80  5:56  Drone  
  87  5:57  Drone x2  
  87  6:00  Drone  
  87  6:02  Drone  
  87  6:03  Drone  
  86  6:07  Drone x3  
  86  6:08  Drone x3  
  86  6:10  Extractor  
  91  6:11  Extractor  
  91  6:12  Overlord  
  91  6:15  Drone  
  91  6:19  Overseer  
  91  6:21  Zergling x6  
  91  6:22  Baneling x3  
  91  6:23  Baneling  
  91  6:24  Zergling x2  
  95  6:29  Muscular Augments  
  95  6:33  Zergling x6  
  95  6:37  Drone x2  
  95  6:39  Overlord  
  97  6:43  Hydralisk x3  
  97  6:44  Overlord  
  104  6:47  Drone x2  
  104  6:49  Hatchery  
  104  6:53  Evolution Chamber x2  
  102  6:59  Drone x3  
  102  7:00  Overlord  
  104  7:02  Overlord  
  101  7:09  Hydralisk x4  
  101  7:12  Drone  
  106  7:19  Zerg Melee Weapons Level 1  
  106  7:20  Zerg Missile Weapons Level 1, Drone  
  106  7:22  Drone, Evolution Chamber  
  107  7:25  Hydralisk x2, Infestation Pit  
  110  7:36  Hydralisk x5  
  120  7:45  Drone  
  120  7:46  Drone x5  
  127  7:51  Drone x8  
  127  7:56  Zerg Ground Armor Level 1  
  127  7:57  Overlord  
  134  8:05  Overlord  
  134  8:08  Overlord  
  134  8:09  Centrifical Hooks  
  134  8:11  Overlord  
  134  8:21  Drone x2, Extractor x2  
  134  8:36  Drone x2  
  134  8:38  Drone  
  134  8:41  Overlord  
  137  8:42  Hatchery  
  136  8:54  Swarm Host x8  
  158  8:55  Overlord  
  158  8:56  Overlord x5  
  158  9:00  Overlord  
  158  9:15  Swarm Host x6  
  158  9:16  Swarm Host x2  
  182  9:19  Zergling x16  
  182  9:20  Overseer, Zergling x2  
  182  9:21  Overseer  
  182  9:23  Spore Crawler  
  190  9:25  Overlord  
  190  9:26  Burrow  
  190  9:28  Zerg Missile Weapons Level 2  
  189  9:31  Zerg Melee Weapons Level 2  
  189  9:37  Spire  
  188  9:39  Zergling x2  
  188  9:40  Zergling x8  
  188  9:41  Baneling  
  188  9:42  Baneling x6  
  182  9:52  Hydralisk  
  182  9:53  Hydralisk x2  
  182  9:54  Zergling x10  
  171  10:02  Zergling x16  
  171  10:06  Drone x3  
  181  10:11  Hydralisk x4  
  178  10:23  Hydralisk  
  178  10:24  Hydralisk x4  
  184  10:36  Hydralisk x3  
  184  10:37  Hydralisk x5  
  199  10:47  Baneling x7  
  199  10:48  Baneling x9  
  199  10:52  Zergling x2  
  199  10:59  Spine Crawler  
  199  11:00  Spine Crawler  
  199  11:02  Zerg Flyer Weapons Level 1  
  197  11:05  Spine Crawler, Extractor x2  
  197  11:06  Spine Crawler, Drone x3  
  196  11:17  Hatchery  
  196  11:18  Hive  
  192  11:19  Spire  
  190  11:27  Zergling x18  
  199  11:37  Zergling x2  
  199  11:38  Zergling x16  
  199  11:46  Baneling  
  199  11:47  Baneling x18  
  197  11:59  Hydralisk x3  
  197  12:00  Overlord  
  186  12:09  Hydralisk x4  
  186  12:11  Hydralisk x6  
  177  12:17  Hydralisk x4  
  177  12:18  Zergling x2  
  178  12:24  Zergling x2  
  178  12:25  Overseer, Zergling x4  
  178  12:27  Zergling x16  
  178  12:28  Zergling x4  
  178  12:29  Zergling x2  
  192  12:31  Zergling x4  
  190  12:38  Hydralisk x2  
  190  12:51  Drone x2  
  190  12:52  Drone x2  
  190  12:56  Zerg Flyer Armor Level 1, Zergling x6  
  192  13:10  Zergling x14  
  197  13:18  Zerg Ground Armor Level 2  
  197  13:19  Zerg Melee Weapons Level 3, Zerg Missile Weapons Level 3  
  193  13:31  Baneling x3  
  193  13:32  Baneling x2, Drone x6  
  194  13:41  Zerg Flyer Weapons Level 2  
  194  13:47  Overseer x2  
  194  13:48  Baneling  
  194  13:49  Baneling x9, Zergling x2  
  194  13:50  Zergling x8  
  184  14:06  Viper x3  
  184  14:07  Overlord  
  184  14:09  Hydralisk, Zergling x2  
  188  14:10  Hydralisk x3, Evolution Chamber x2, Zergling x2  
  188  14:11  Zergling x2  
  188  14:12  Evolution Chamber, Overlord  
  193  14:41  Drone x7, Extractor  
  193  14:42  Extractor  
  198  15:00  Zerg Flyer Armor Level 2, Drone x14  
  198  15:02  Hydralisk x2  
  198  15:15  Spore Crawler  
  198  15:16  Spore Crawler  
  198  15:18  Overlord  
  196  15:28  Overlord  
  196  15:33  Overlord x2  
  171  16:04  Hydralisk x17  
  156  16:05  Hydralisk x4, Zergling x2  
  156  16:06  Zergling x4  
  199  16:22  Zergling x2  
  197  16:28  Overlord x2  
  197  16:34  Baneling, Hatchery  
  197  16:35  Baneling x5  
  197  16:36  Overlord  
  189  16:40  Zergling x2  
  189  16:42  Overlord  
  190  16:49  Zergling x12  
  190  16:50  Zergling x6  
  194  17:04  Zergling x2  
  194  17:05  Zergling x12  
  200  17:09  Extractor  
  200  17:10  Extractor  
  197  17:21  Zergling x4  
  199  17:31  Baneling, Drone x17  
  199  17:32  Baneling x28, Drone  
  199  17:33  Baneling x3  
  198  17:47  Hatchery  
  197  17:51  Zerg Flyer Weapons Level 3  
  197  17:53  Zerg Flyer Armor Level 3  
  195  18:13  Zergling x6  
  195  18:28  Hatchery  
  194  18:35  Zergling x4  
  194  18:36  Zergling x6  
  195  19:09  Zergling x10  
  199  19:11  Overlord  
  199  19:14  Overlord  
  178  19:26  Zergling x2  
  178  19:27  Zergling x44  
  197  19:38  Baneling  
  197  19:39  Baneling x3  
  197  19:40  Overseer  
  197  19:41  Overseer x3  
  196  19:46  Extractor  
  196  19:50  Baneling x15  
  196  19:51  Baneling x9  
  195  19:55  Hatchery  
  186  20:28  Zergling x18  
  186  20:29  Zergling x12  
  192  20:57  Zergling x16  
  197  21:16  Baneling  
  197  21:17  Baneling x12  
  197  21:18  Hatchery  
  193  21:19  Zerg Ground Armor Level 3  
  193  21:24  Baneling x3  
  193  21:25  Baneling x10  
  190  21:27  Zergling x2  
  190  21:28  Zergling x18  
  169  21:52  Overlord x2  
  157  21:58  Mutalisk x8  
  157  21:59  Mutalisk  
  157  22:00  Overlord  
  157  22:01  Overlord  
  162  22:06  Overlord  
  151  22:11  Extractor  
  151  22:12  Mutalisk x5  
  151  22:13  Mutalisk x8  
  170  22:19  Mutalisk  
  170  22:20  Mutalisk  
  169  22:26  Mutalisk x2  
  169  22:28  Extractor, Zergling x4  
  169  22:29  Zergling x2  
  172  22:44  Zergling x2  
  172  22:45  Hatchery, Zergling x26  
  180  22:57  Mutalisk  
  181  22:59  Zergling x16  
  172  23:17  Zergling x22  
  172  23:18  Zergling x2  
  182  23:21  Hatchery  
  169  23:40  Mutalisk x3  
  158  23:50  Zergling x20  
  158  23:51  Zergling x12  
  174  23:57  Baneling  
  174  23:58  Baneling x2  
  174  24:01  Zergling x8  
  178  24:07  Overlord  
  160  24:17  Baneling x4  
  160  24:19  Zergling x16  
  160  24:21  Baneling  
  149  24:35  Zergling x24  
  135  24:52  Zergling x10  
  87  25:07  Baneling  
  87  25:08  Zergling x10  
  76  26:17  Drone  
Tags
 
Add a new tag
Caveats
  • Supply blocks, unpowered buildings, or Contaminate may cause inaccurate times.
  • Supply counts are checked every 10 seconds.